 Dungeon Crawl Stone Soup version 0.29.0-4-gdea44cf6ec (webtiles) character file.

Game seed: 1341607202991266278

119 qw the Chopper (level 4, -1/35 HPs)
             Began as a Demonspawn Cinder Acolyte on Sept 9, 2022.
             Was an Elder of Ignis.
             Succumbed to an adder's poison
             ... on level 3 of the Dungeon.
             The game lasted 00:00:55 (2533 turns).

qw the Chopper (Demonspawn Cinder Acolyte)          Turns: 2533, Time: 00:00:56

Health: -1/35      AC: 13    Str: 17    XL:     4   Next: 73%
Magic:  5/5        EV:  9    Int: 15    God:    Ignis [****..]
Gold:   103        SH:  4    Dex:  8    Spells: 5/5 levels left

rFire   + . .      SeeInvis +   Y - +1 hand axe (flame)
rCold   . . .      Faith    .   (no shield)
rNeg    . . .      Spirit   .   a - +0 scale mail
rPois   .          Reflect  .   (no helmet)
rElec   .          Harm     .   (no cloak)
rCorr   .          Rampage  .   (no gloves)
Will    .....                   (no boots)
Stlth   ..........              (no amulet)
HPRegen 0.11/turn               h - ring of see invisible
MPRegen 0.09/turn               (no ring)

@: lethally poisoned (-1 -> -10), about to teleport, fiery-armoured
A: claws 2, large bone plates 1
a: Renounce Religion, Fiery Armour, Foxfire Swarm, Rising Flame


You were on level 3 of the Dungeon.
You worshipped Ignis.
Ignis was greatly pleased with you.
You visited 1 branch of the dungeon, and saw 3 of its levels.

You collected 103 gold pieces.


Innate Abilities, Weirdness & Mutations

You have very sharp fingernails.
You are partially covered in large bone plates. (SH +4)


   Skills:
 - Level 3.0 Fighting
 + Level 4.6 Axes
 - Level 1.0 Armour
 - Level 1.0 Dodging
 - Level 1.0 Spellcasting
 - Level 2.6 Fire Magic


You had 5 spell levels left.
You didn't know any spells.
Your spell library contained the following spells:

 Spells                   Type           Power      Damage    Failure   Level
 Scorch                   Fire           16%        2d5       41%         2

Inventory:

Hand Weapons
 Y - a +1 hand axe of flaming (weapon)
Armour
 a - a +0 scale mail (worn)
Jewellery
 h - a ring of see invisible (left claw)
Scrolls
 e - 2 scrolls of teleportation
 f - a scroll of identify
Potions
 c - a potion of might
 j - a potion of mutation {unknown}

Dungeon Overview and Level Annotations

Branches:
Dungeon (3/15)

Altars:


Message History

The goblin is burned by your cloak of flames.
You kill the goblin!
The hobgoblin hits you but does no damage.
The hobgoblin is burned by your cloak of flames.
The hobgoblin is moderately wounded.
Robin says, "My goblins will feast on your bones."
Robin roars a battlecry!
The hobgoblins go into a battle-frenzy!
You slash the hobgoblin! You burn the hobgoblin.
You kill the hobgoblin!
You closely miss the adder.
You feel very sick. The adder bites you.
You are more poisoned.
The adder poisons you!
The adder is burned by your cloak of flames.
The adder is moderately wounded.
The gnoll completely misses you.
A giant cockroach comes into view.
You hit the adder. You burn the adder.
You kill the adder!
You hit Robin. You burn Robin. You closely miss the hobgoblin.
You feel very sick. The hobgoblin barely misses you.
Robin hits you with a +2 short sword of holy wrath.
You convulse.
Robin is burned by your cloak of flames.
Robin is heavily wounded.
You block the gnoll's attack. The gnoll hits you but does no damage.
An endoplasm comes into view.
You slash Robin! You burn Robin.
You kill Robin!
You hit the hobgoblin. You burn the hobgoblin.
You feel very sick.
The gnoll hits you from afar with a +0 halberd!
You block the gnoll's attack. The hobgoblin completely misses you.
2533 ||| READING 3 scrolls of teleportation.
As you read the scroll of teleportation, it crumbles to dust.
You feel strangely unstable.
You die...

#............
#............
#....$.......
#.........B..
#.......g..J.
#....gg...
#.)g)g#
##@### #<...#
#..).# #....#
#....#
#......
#.....##
#..>..#
#....##


You could see 4 gnolls, an endoplasm, a giant cockroach and a hobgoblin
(strong).

Vanquished Creatures
  Robin (D:3)
  4 adders
  3 worms (D:2)
  A dart slug (D:2)
  3 endoplasms
  3 giant cockroaches
  9 goblins
  7 hobgoblins
  4 jackals
  4 quokkas
  2 ball pythons (D:2)
  4 bats
  A frilled lizard (D:2)
  5 kobolds
  8 rats
59 creatures vanquished.

Notes
Turn   | Place    | Note
-------+----------+-------------------------------------------
     0 | D:1      | qw the Demonspawn Cinder Acolyte began the quest for the
                  | Orb.
     0 | D:1      | Reached XP level 1. HP: 18/18 MP: 2/2
     0 | D:1      | 0 ||| qw: Version: 0.1-a-113-g051387a
     0 | D:1      | 0 ||| qw: Game counter: 7125
     0 | D:1      | 0 ||| qw: Always use a shield: true
     0 | D:1      | 0 ||| qw: God list: Okawaru
     0 | D:1      | 0 ||| qw: Allow faded altars: false
     0 | D:1      | 0 ||| qw: Do Orc after D:15 true
     0 | D:1      | 0 ||| qw: Do second Lair branch before Depths: true
     0 | D:1      | 0 ||| qw: Lair rune preference: random
     0 | D:1      | 0 ||| qw: Plans: Normal
     0 | D:1      | 0 ||| PLANNING D:1-11
   153 | D:1      | Reached skill level 3 in Axes
   174 | D:1      | 174 ||| Stepping ~*~*~tactically~*~*~ (stealth).
   193 | D:1      | 193 ||| INVOKING Fiery Armour.
   433 | D:1      | Gained mutation: You have sharp fingernails. [demonic
                  | ancestry]
   433 | D:1      | Reached XP level 2. HP: 24/24 MP: 3/3
   484 | D:1      | 484 ||| INVOKING Fiery Armour.
  1070 | D:1      | 1070 ||| READING scroll labelled FIOPLA BUFIM.
  1071 | D:1      | 1071 ||| READING scroll labelled ESEKKO ECSUMM.
  1232 | D:2      | 1232 ||| INVOKING Fiery Armour.
  1234 | D:2      | Gained mutation: You are partially covered in large bone
                  | plates. (SH +4) [demonic ancestry]
  1234 | D:2      | Reached XP level 3. HP: 15/29 MP: 4/4
  1492 | D:2      | 1492 ||| Stepping ~*~*~tactically~*~*~ (stealth).
  1497 | D:2      | 1497 ||| Stepping ~*~*~tactically~*~*~ (stealth).
  1517 | D:2      | Reached skill level 4 in Axes
  1761 | D:2      | Reached skill level 1 in Dodging
  1774 | D:2      | 1774 ||| Stepping ~*~*~tactically~*~*~ (stealth).
  1806 | D:2      | 1806 ||| FLEEEEING.
  1923 | D:2      | 1923 ||| READING scroll of enchant weapon.
  1923 | D:2      | 1923 ||| ENCHANTING +0 hand axe of flaming.
  1926 | D:2      | 1926 ||| Stepping ~*~*~tactically~*~*~ (stealth).
  1992 | D:2      | Gained mutation: You have very sharp fingernails. [demonic
                  | ancestry]
  1992 | D:2      | Reached XP level 4. HP: 21/35 MP: 5/5
  2395 | D:2      | Found a faded altar of an unknown god.
  2396 | D:2      | 2396 ||| UPGRADING to +0 scale mail.
  2406 | D:2      | 2406 ||| DROPPING +0 robe.
  2407 | D:2      | 2407 ||| UPGRADING to ring of see invisible.
  2408 | D:2      | 2408 ||| READING scroll labelled VIHEGIVIYM.
  2409 | D:2      | 2409 ||| READING 4 scrolls labelled ENESARI JEALOC.
  2413 | D:2      | 2413 ||| READING scroll labelled WOIWIA ZUGEB.
  2414 | D:2      | 2414 ||| READING scroll labelled URUQ FEKORCHESS.
  2415 | D:2      | 2415 ||| READING 2 scrolls of identify.
  2415 | D:2      | 2415 ||| IDENTIFYING fuming red potion
  2521 | D:3      | 2521 ||| Stepping ~*~*~tactically~*~*~ (stealth).
  2522 | D:3      | Noticed Robin
  2523 | D:3      | 2523 ||| INVOKING Fiery Armour.
  2528 | D:3      | Reached skill level 1 in Armour
  2532 | D:3      | Killed Robin
  2532 | D:3      | HP: 1/35 [gnoll/+0 halberd (11)]
  2533 | D:3      | 2533 ||| READING 3 scrolls of teleportation.
  2533 | D:3      | Succumbed to an adder's poison

Levels and vault maps discovered:
D:1:      grunt_arrival_crossed_arrows, layout_rooms, minmay_misc_feat_columns,
          serial_bayou_pond_d
D:2:      wander_river, layout_basic, shapermc_ecumenical_altar_mp_vishouse,
          st_stairs_2
D:3:      layout_rooms, grunt_gozag_breadcrumbs, nicolae_overflow_crystal_walls,
          led_sif_pool, gammafunk_temple_overflow_wave, uniq_sigmund, uniq_robin

Skill      XL: |  1  2  3  4 |
---------------+-------------+-----
Axes           | 3 4 |  4.6
Dodging        | 1 |  1.0
Armour         | 1 |  1.0
Fighting       | |  3.0
Spellcasting   | |  1.0
Fire Magic     | |  2.6

Action                   |  1- 3 |  4- 6 || total
-------------------------+-------+-------++-------
Melee: Hand axe          |   153 |    19 ||   172
       Punch             |     1 |       ||     1
Invok: Fiery Armour      |     3 |     1 ||     4
  Use: Scroll            |     3 |     6 ||     9
Armor: Robe              |    20 |       ||    20
       Scale mail        |       |    10 ||    10
Dodge: Dodged            |    93 |    10 ||   103
Block: Other             |     5 |     4 ||     9

Table legend:
 A = Non-vault XP
 B = Vault XP
 C = Vault XP percentage of total XP
 D = Non-vault monster count
 E = Vault monster count
 F = Vault count percentage of total count
                 A         B        C        D         E       F
            +---------+---------+-------+---------+---------+-------
      Total |     120 |      50 |  29.4 |      45 |      14 |  23.7
            +---------+---------+-------+---------+---------+-------
        D:1 |      26 |       0 |   0.0 |      15 |       0 |   0.0
        D:2 |      68 |      17 |  20.0 |      28 |       3 |   9.7
        D:3 |      26 |      33 |  55.9 |       2 |      11 |  84.6
            +---------+---------+-------+---------+---------+-------
